 Dungeon Crawl Stone Soup version 0.25.1-8-g42b30a86e7 (webtiles) character file.

Game seed: 14130326700657604825

1269 Goreval the Firebug (level 8, -1/42 HPs)
             Began as a Deep Elf Fire Elementalist on Dec 9, 2020.
             Was an Initiate of Sif Muna.
             Slain by a gnoll
             ... wielding a +0 halberd
              (6 damage)
             ... on level 5 of the Dungeon.
             The game lasted 00:19:32 (7327 turns).

Goreval the Firebug (Deep Elf Fire Elementalist)    Turns: 7327, Time: 00:19:32

Health: -1/42      AC:  4    Str:  5    XL:     8   Next: 28%
Magic:  13/19      EV: 14    Int: 23    God:    Sif Muna [......]
Gold:   395        SH:  0    Dex: 15    Spells: 3/19 levels left

rFire    . . .     SeeInvis .   s - +2 hand axe (elec)
rCold    . . .     Gourm    .   (no shield)
rNeg     . . .     Faith    .   a - +0 robe
rPois    .         Spirit   .   i - +0 helmet
rElec    .         Reflect  .   u - +0 cloak
rCorr    .         Harm     .   (no gloves)
MR       .....                  (no boots)
Stlth    ++........             (no amulet)
HPRegen  0.14/turn              (no ring)
MPRegen  0.16/turn              (no ring)

@: about to teleport
A: no striking features
a: Renounce Religion


You were on level 5 of the Dungeon.
You worshipped Sif Muna.
Sif Muna was noncommittal.
You were very hungry.

You visited 2 branches of the dungeon, and saw 6 of its levels.

You collected 395 gold pieces.

Inventory:

Hand Weapons
 p - a +0 dagger
 s - a +2 hand axe of electrocution (weapon)
Missiles
 f - 108 stones (quivered)
Armour
 a - a +0 robe (worn)
 i - a +0 helmet (worn)
 u - a +0 cloak (worn)
Jewellery
 q - an uncursed ring of fire
Wands
 v - a wand of digging (7)
Scrolls
 b - 3 scrolls of magic mapping
 d - 2 scrolls of blinking {unknown}
 e - a scroll of identify
 h - 2 scrolls of fear
 l - 3 scrolls of remove curse {unknown}
 n - 2 scrolls of noise {unknown}
 t - a scroll of fog {unknown}
Potions
 j - 2 potions of stabbing
 m - 2 potions of curing
 o - a potion of flight
Comestibles
 c - 8 rations


   Skills:
 + Level 0.7 Fighting
 - Level 4.0 Dodging
 - Level 2.4 Stealth
 - Level 6.1 Spellcasting
 * Level 6.6 Conjurations
 * Level 7.4 Fire Magic


You had 3 spell levels left.
You knew the following spells:

 Your Spells              Type           Power        Failure   Level  Hunger
a - Foxfire               Conj/Fire      ####         1%          1    None
b - Conjure Flame         Conj/Fire      #####...     1%          3    #......
c - Inner Flame           Hex/Fire       ###.....     5%          3    #......
d - Fireball              Conj/Fire      #####.....   13%         5    #####..
e - Sticky Flame          Conj/Fire      #####...     4%          4    ###....

Your spell library contained the following spells:

 Spells                   Type           Power        Failure   Level  Hunger


Dungeon Overview and Level Annotations

Branches:
Dungeon (5/15)             Temple (1/1) D:5

Altars:
Ashenzari
Cheibriados
Elyvilon
Hepliaklqana
Kikubaaqudgha
Qazlal
Sif Muna
Trog
Wu Jian
Xom
Yredelemnul
Zin

Shops:
D:5 *


Message History

You conjure some foxfire!
The gnoll sergeant hits you from afar with a +2 spear of flaming!
The gnoll sergeant burns you.
You conjure some foxfire!
The foxfire hits the gnoll sergeant but does no damage. x3
The gnoll sergeant hits you from afar with a +2 spear of flaming!
The gnoll sergeant burns you.
* * * LOW HITPOINT WARNING * * *
Unknown command.
The foxfire hits the gnoll sergeant. x2
The gnoll sergeant hits you from afar with a +2 spear of flaming.
* * * LOW HITPOINT WARNING * * *
The gnoll sergeant burns you.
* * * LOW HITPOINT WARNING * * *
You see here a dagger.
The gnoll closely misses you.
As you read the scroll of teleportation, it crumbles to dust.
You feel strangely unstable. The gnoll hits you with a +0 halberd.
You die... ######### #gg.gg.gg

#g#*****, #######
##.######, #>.@g.#
#...##....
#g###.#####g.)##....
#.# #...............
#.###.g.............
#.....###...........
###.#.#####...####.#
#.#.....#...# #,#
#.#####.##### #.#
#.# #.# #..


You could see a gnoll sergeant and a gnoll.

Vanquished Creatures
  An ice beast (D:5)
  4 ogres
  A centaur (D:5)
  A scorpion (D:4)
  A water moccasin zombie (D:5)
  3 crimson imps
  5 hounds
  An orc priest (D:4)
  Crazy Yiuf (D:4)
  A jelly (D:5)
  An orc wizard (D:4)
  An iguana (D:4)
  2 worker ants (D:4)
  A killer bee zombie (D:5)
  A worker ant zombie (D:3)
  5 gnolls
  2 adders
  An ooze (D:4)
  2 worms
  3 dart slugs
  A leopard gecko (D:3)
  15 orcs
  9 giant cockroaches
  11 hobgoblins
  7 jackals
  5 kobolds
  A quokka (D:2)
  4 ball pythons
  7 bats
  6 frilled lizards
  6 goblins
  A leopard gecko skeleton (D:4)
  4 rats
  A plant (D:1)
116 creatures vanquished.

Vanquished Creatures (others)
  460 foxfires
460 creatures vanquished.

Grand Total: 576 creatures vanquished

Notes
Turn   | Place    | Note
-------+----------+-------------------------------------------
     0 | D:1      | Goreval the Deep Elf Fire Elementalist began the quest for
                  | the Orb.
     0 | D:1      | Reached XP level 1. HP: 10/10 MP: 6/6
   320 | D:1      | Reached XP level 2. HP: 15/15 MP: 6/8
  1543 | D:2      | Reached XP level 3. HP: 19/19 MP: 5/9
  1596 | D:1      | Learned a level 3 spell: Conjure Flame
  1600 | D:1      | Learned a level 3 spell: Inner Flame
  1624 | D:2      | Reached skill level 4 in Fire Magic
  2238 | D:3      | Reached XP level 4. HP: 24/24 MP: 3/11
  2880 | D:3      | Found a bloodstained altar of Trog.
  2939 | D:3      | Noticed an ogre
  3574 | D:3      | Killed an ogre
  3574 | D:3      | Reached XP level 5. HP: 28/28 MP: 6/13
  3581 | D:3      | Learned a level 5 spell: Fireball
  3822 | D:4      | Noticed an ogre
  4518 | D:4      | Reached skill level 5 in Fire Magic
  4520 | D:4      | Reached XP level 6. HP: 29/32 MP: 5/14
  5190 | D:4      | Reached skill level 5 in Spellcasting
  5495 | D:4      | Reached XP level 7. HP: 36/36 MP: 10/16
  5547 | D:4      | Learned a level 4 spell: Sticky Flame
  5582 | D:4      | Found a runed translucent door.
  5583 | D:4      | Noticed Crazy Yiuf
  5939 | D:4      | Killed Crazy Yiuf
  5939 | D:4      | Reached skill level 5 in Conjurations
  6069 | D:5      | Entered Level 5 of the Dungeon
  6104 | D:4      | Reached skill level 6 in Fire Magic
  6370 | D:5      | Found a staircase to the Ecumenical Temple.
  6378 | Temple   | Entered the Ecumenical Temple
  6538 | Temple   | Became a worshipper of Sif Muna the Loreminder
  6793 | D:5      | Found a glowing silver altar of Zin.
  6794 | D:5      | Noticed an angel
  6805 | D:5      | Reached skill level 7 in Fire Magic
  6805 | D:5      | Reached XP level 8. HP: 38/41 MP: 12/19
  6903 | D:5      | Found Soraf's Assorted Antiques.
  7327 | D:5      | Slain by a gnoll

Illustrated notes

Levels and vault maps discovered:
D:1:      wander_arrival_desolate, layout_loops_ring, minmay_shallow_snake_nest
D:2:      layout_rooms
D:3:      layout_basic, lemuel_crystal_altar, first_ration
D:4:      layout_loops_corners, hangedman_abyss_or_decor_stabs,
          uniq_crazy_yiuf_cottage
D:5:      layout_loops_ring, zin_angel, minmay_temple_entry_junction,
          serial_shops, shop_coins, lexackson_kobold_supper
Temple:   jpeg_temple_alley_garden

Skill      XL: |  1  2  3  4  5  6  7 |
---------------+----------------------+-----
Conjurations   | 2 3 4 6 |  6.6
Fire Magic     | 4 5 7 |  7.4
Dodging        | 3 4 |  4.0
Spellcasting   | 4 5 6 |  6.1
Fighting       | |  0.7
Stealth        | |  2.4

Action                   |  1- 3 |  4- 6 |  7- 9 || total
-------------------------+-------+-------+-------++-------
Melee: Unarmed           |   387 |       |       ||   387
       Hand axe          |       |     1 |    25 ||    26
Throw: Stone             |       |       |     2 ||     2
 Cast: Foxfire           |    89 |   135 |    81 ||   305
       Conjure Flame     |       |     6 |     3 ||     9
  Use: Scroll            |       |       |     9 ||     9
       Potion            |       |       |     1 ||     1
  Eat: Ration            |     1 |     1 |       ||     2
       Chunk             |     2 |     5 |     6 ||    13
Armor: Robe              |     6 |     1 |     9 ||    16
Dodge: Dodged            |    23 |    19 |    39 ||    81
